 Dungeon Crawl Stone Soup version 0.25-a0-890-g62861fb (webtiles) character file.

Game seed: 5312176934358346306, levelgen mode: deterministic

147 vertexvortex the Charmwright (level 5, -1/43 HPs)
             Began as a Gnoll Skald on May 6, 2020.
             Slain by an orc
             ... wielding a +0 mace
              (4 damage)
             ... on level 3 of the Dungeon.
             The game lasted 00:07:00 (1567 turns).

vertexvortex the Charmwright (Gnoll Skald)          Turns: 1567, Time: 00:07:01

Health: -1/43      AC:  3    Str: 15    XL:     5   Next: 29%
Magic:  12/12      EV: 14    Int: 15    God:
Gold:   91         SH:  0    Dex: 14    Spells: 8/14 levels left

rFire    . . .     SeeInvis .   a - +0 falchion
rCold    . . .     Gourm    .   (no shield)
rNeg     . . .     Faith    .   b - +0 leather armour
rPois    .         Spirit   .   (no helmet)
rElec    .         Reflect  .   (no cloak)
rCorr    .         Harm     .   (no gloves)
MR       .....                  (no boots)
Stlth    ++........             (no amulet)
HPRegen  0.14/turn              (no ring)
MPRegen  0.13/turn              (no ring)

@: very slightly contaminated
A: distributed training, fangs 1, strong nose
a: no special abilities


You were on level 3 of the Dungeon.
You were hungry.

You visited 1 branch of the dungeon, and saw 4 of its levels.

You collected 91 gold pieces.

Inventory:

Hand Weapons
 a - a +0 falchion (weapon)
Armour
 b - a +0 leather armour (worn)
 f - a +0 chain mail
Scrolls
 e - a scroll of immolation
 g - a scroll of remove curse
 j - a scroll of amnesia {unknown}
Potions
 c - 2 potions of curing {unknown}
 h - a potion of cancellation
 k - a potion of mutation {unknown}
Comestibles
 d - 7 rations
 i - 2 chunks of flesh


   Skills:
 + Level 4.7 Fighting
 + Level 1.4 Short Blades
 + Level 4.7 Long Blades
 + Level 1.4 Axes
 + Level 1.4 Maces & Flails
 + Level 1.4 Polearms
 + Level 1.4 Staves
 + Level 1.4 Slings
 + Level 1.4 Bows
 + Level 1.4 Crossbows
 + Level 1.4 Throwing
 + Level 2.9 Armour
 + Level 4.7 Dodging
 + Level 1.4 Stealth
 + Level 1.4 Shields
 + Level 1.4 Unarmed Combat
 + Level 5.1 Spellcasting
 + Level 1.1 Conjurations
 + Level 1.1 Hexes
 + Level 5.5 Charms
 + Level 1.1 Summonings
 + Level 1.1 Necromancy
 + Level 1.1 Translocations
 + Level 1.1 Transmutations
 + Level 1.1 Fire Magic
 + Level 1.1 Ice Magic
 + Level 1.1 Air Magic
 + Level 1.1 Earth Magic
 + Level 1.1 Poison Magic
 + Level 1.5 Invocations
 + Level 1.4 Evocations


You had 8 spell levels left.
You knew the following spells:

 Your Spells              Type           Power        Failure   Level  Hunger
a - Infusion              Chrm           ###.         1%          1    None
b - Song of Slaying       Chrm           ###.....     3%          2    ##.....
c - Gell's Gravitas       Tloc           #.........   36%         3    ###....

Your spell library contained the following spells:

 Spells                   Type           Power        Failure   Level  Hunger
 Shroud of Golubria       Chrm/Tloc      ##....       8%          2    ##.....
 Ozocubu's Armour         Chrm/Ice       ##......     16%         3    ###....
 Spectral Weapon          Hex/Chrm       ##......     16%         3    ###....
 Confusing Touch          Hex            #.......     36%         3    ###....
 Petrify                  Tmut/Erth      #.......     77%         4    ####...
 Metabolic Englaciation   Hex/Ice        #.........   98%         5    ######.
 Yara's Violent Unravell  Hex/Tmut       #.........   98%         5    ######.


Dungeon Overview and Level Annotations

Branches:
Dungeon (4/15)
 Temple: D:4-7

Altars:


Innate Abilities, Weirdness & Mutations

Your experience applies equally to all skills.
You have very sharp teeth.
Your uncanny sense of smell can sniff out nearby items.


Message History

You bite the quokka, but do no damage.
The quokka is heavily wounded.
The quokka bites you but does no damage.
You see here a long sword.
The quokka closely misses you.
You feel yourself speed up.
The quokka bites you but does no damage.
There is a stone staircase leading down here.
The quokka bites you.
* * * LOW HITPOINT WARNING * * *
You climb downwards. 3 orcs come into view.
The orc shouts! x3; You hear a shout! x2
Found a stone staircase leading down.
There is a stone staircase leading up here.
Magic restored.
The quokka misses you. The orc hits you with a +0 dagger.
* * * LOW HITPOINT WARNING * * *
The orc grunts loudly, as Orcs often do.
You climb upwards.
The orc hits you with a +0 mace.
You die...

#...##.# .#$......o......#
#.....#..########.#.....#
#(..<..# ###.#.....#
##....## ###...#.....#
#..#...# #.).###.....#
#..##...#####o###.......#
#.##......##o.##..###.### #.
#......##r###.## #..#
###.##.......o@##..#####...
...............o.........#.#
. ##........##...........#
).#....).......########...
..[.......)...........# .. .
.%..#..........##......#
.....
#...........)..........#
#...#.......[.)###.....#
#..###...<...)## #.....#


You could see 4 orcs and a quokka.

Vanquished Creatures
  Natasha (D:3)
  4 gnolls
  2 adders (D:2)
  An ooze (D:1)
  2 worms (D:2)
  6 dart slugs
  A leopard gecko (D:1)
  6 bats
  3 goblins (D:2)
  7 hobgoblins
  4 jackals (D:2)
  5 kobolds
  3 frilled lizards
  3 rats (D:2)
48 creatures vanquished.

Notes
Turn   | Place    | Note
-------+----------+-------------------------------------------
     0 | D:1      | vertexvortex the Gnoll Skald began the quest for the Orb.
     0 | D:1      | Reached XP level 1. HP: 20/20 MP: 6/6
    99 | D:2      | Reached XP level 2. HP: 26/26 MP: 7/7
   228 | D:1      | Reached XP level 3. HP: 30/31 MP: 9/9
   244 | D:1      | Reached skill level 5 in Spellcasting
   541 | D:2      | Reached skill level 1 in Invocations
   585 | D:2      | Reached skill level 1 in Short Blades
   585 | D:2      | Reached skill level 1 in Axes
   585 | D:2      | Reached skill level 1 in Maces & Flails
   585 | D:2      | Reached skill level 1 in Polearms
   585 | D:2      | Reached skill level 1 in Staves
   585 | D:2      | Reached skill level 1 in Slings
   585 | D:2      | Reached skill level 1 in Bows
   585 | D:2      | Reached skill level 1 in Crossbows
   585 | D:2      | Reached skill level 1 in Throwing
   585 | D:2      | Reached skill level 1 in Stealth
   585 | D:2      | Reached skill level 1 in Shields
   585 | D:2      | Reached skill level 1 in Unarmed Combat
   585 | D:2      | Reached skill level 1 in Evocations
   589 | D:2      | Learned a level 2 spell: Song of Slaying
   593 | D:2      | Learned a level 3 spell: Gell's Gravitas
   613 | D:2      | Reached XP level 4. HP: 33/38 MP: 11/11
   986 | D:2      | Reached skill level 1 in Conjurations
   986 | D:2      | Reached skill level 1 in Hexes
   986 | D:2      | Reached skill level 1 in Summonings
   986 | D:2      | Reached skill level 1 in Necromancy
   986 | D:2      | Reached skill level 1 in Translocations
   986 | D:2      | Reached skill level 1 in Transmutations
   986 | D:2      | Reached skill level 1 in Fire Magic
   986 | D:2      | Reached skill level 1 in Ice Magic
   986 | D:2      | Reached skill level 1 in Air Magic
   986 | D:2      | Reached skill level 1 in Earth Magic
   986 | D:2      | Reached skill level 1 in Poison Magic
  1490 | D:3      | Reached XP level 5. HP: 32/43 MP: 12/12
  1537 | D:3      | Noticed Natasha
  1549 | D:3      | Killed Natasha
  1567 | D:3      | Slain by an orc

Levels and vault maps discovered:
D:1:      minmay_arrival_stair_chambers, layout_basic, serial_glass,
          glass_columns_b, glass_columns_a, minmay_tree_intersection
D:2:      layout_basic
D:3:      layout_rooms, first_ration, uniq_natasha
D:4:      layout_loops_ring

Skill      XL: |  1  2  3  4 |
---------------+-------------+-----
Spellcasting   | 5 |  5.1
Invocations    | 1 |  1.5
Short Blades   | 1 |  1.4
Axes           | 1 |  1.4
Maces & Flails | 1 |  1.4
Polearms       | 1 |  1.4
Staves         | 1 |  1.4
Slings         | 1 |  1.4
Bows           | 1 |  1.4
Crossbows      | 1 |  1.4
Throwing       | 1 |  1.4
Stealth        | 1 |  1.4
Shields        | 1 |  1.4
Unarmed Combat | 1 |  1.4
Evocations     | 1 |  1.4
Conjurations   | 1 |  1.1
Hexes          | 1 |  1.1
Summonings     | 1 |  1.1
Necromancy     | 1 |  1.1
Translocations | 1 |  1.1
Transmutations | 1 |  1.1
Fire Magic     | 1 |  1.1
Ice Magic      | 1 |  1.1
Air Magic      | 1 |  1.1
Earth Magic    | 1 |  1.1
Poison Magic   | 1 |  1.1
Fighting       | |  4.7
Long Blades    | |  4.7
Armour         | |  2.9
Dodging        | |  4.7
Charms         | |  5.5

Action                   |  1- 3 |  4- 6 || total
-------------------------+-------+-------++-------
Melee: Falchion          |    85 |    67 ||   152
       Bite              |     9 |     7 ||    16
       Punch             |       |     1 ||     1
 Cast: Infusion          |       |     1 ||     1
  Use: Scroll            |     2 |     1 ||     3
       Potion            |       |     1 ||     1
 Stab: Sleeping          |     2 |       ||     2
  Eat: Chunk             |       |     2 ||     2
Armor: Leather armour    |    17 |    13 ||    30
Dodge: Dodged            |    63 |    52 ||   115
       Rpst.: Falchion   |    23 |    15 ||    38

Table legend:
 A = Non-vault XP
 B = Vault XP
 C = Vault XP percentage of total XP
 D = Non-vault monster count
 E = Vault monster count
 F = Vault count percentage of total count
                 A         B        C        D         E       F
            +---------+---------+-------+---------+---------+-------
      Total |     175 |      36 |  17.1 |      47 |       1 |   2.1
            +---------+---------+-------+---------+---------+-------
        D:1 |      35 |       0 |   0.0 |      15 |       0 |   0.0
        D:2 |     121 |       0 |   0.0 |      27 |       0 |   0.0
        D:3 |      19 |      36 |  65.5 |       5 |       1 |  16.7
            +---------+---------+-------+---------+---------+-------
